 Dungeon Crawl Stone Soup version 0.29.1-12-g30fa7ad0bf (webtiles) character file.

Game seed: 11976231039608780600

182 booth the Ruffian (level 5, -1/43 HPs)
             Began as a Gnoll Wanderer on Jan 14, 2023.
             Was a Believer of Fedhas.
             Slain by a gnoll
             ... wielding a +3 flail
              (8 damage)
             ... on level 3 of the Dungeon.
             The game lasted 00:23:11 (2685 turns).

booth the Ruffian (Gnoll Wanderer)                  Turns: 2685, Time: 00:23:12

Health: -1/43      AC:  3    Str: 22    XL:     5   Next: 61%
Magic:  7/9        EV: 11    Int: 16    God:    Fedhas [**....]
Gold:   51         SH:  0    Dex:  6    Spells: 6/10 levels left

rFire   . . .      SeeInvis +   g - +2 dagger (drain)
rCold   . . .      Faith    .   (no shield)
rNeg    . . .      Spirit   .   e - +0 leather armour
rPois   .          Reflect  .   (no helmet)
rElec   .          Harm     .   (no cloak)
rCorr   .          Rampage  .   (no gloves)
Will    .....                   (no boots)
Stlth   +.........              q - amulet "Tywaiton" {Regen+ Str+6 Dex-4}
HPRegen 0.94/turn               a - ring of see invisible
MPRegen 0.11/turn               j - +6 ring of intelligence

@: about to teleport, attractive
A: fangs 1, strong nose, distributed training
a: Renounce Religion, Wall of Briars


You were on level 3 of the Dungeon.
You worshipped Fedhas.
Fedhas was pleased with you.
You visited 1 branch of the dungeon, and saw 3 of its levels.

You collected 51 gold pieces.

Inventory:

Hand Weapons
 g - a +2 dagger of draining (weapon)
Missiles
 c - 16 poisoned darts (quivered)
 h - a throwing net
Armour
 e - a +0 leather armour (worn)
Magical Staves
 p - a staff of poison
Jewellery
 a - a ring of see invisible (left hand)
 j - a +6 ring of intelligence (right hand)
 q - the amulet "Tywaiton" (around neck) {Regen+ Str+6 Dex-4}
   (You found it on level 3 of the Dungeon)

   [amulet of regeneration]

   Str:       It affects your strength (+6).
   Dex:       It affects your dexterity (-4).
   Regen:     It increases your rate of health regeneration.
Wands
 k - a wand of polymorph (6)
Scrolls
 m - a scroll of identify
 o - a scroll of amnesia {unknown}
 r - a scroll of poison
 s - a scroll of enchant weapon
 t - a scroll of magic mapping
Potions
 b - 2 potions of invisibility
 f - a potion of mutation
 n - a potion of lignification {unknown}


   Skills:
 + Level 4.8 Fighting
 + Level 1.6 Short Blades
 + Level 1.6 Long Blades
 + Level 1.6 Axes
 + Level 1.6 Maces & Flails
 + Level 1.6 Polearms
 + Level 1.6 Staves
 + Level 1.6 Ranged Weapons
 + Level 3.0 Throwing
 + Level 1.6 Armour
 + Level 1.6 Dodging
 + Level 1.6 Stealth
 + Level 1.6 Shields
 + Level 6.7 Unarmed Combat
 + Level 3.2 Spellcasting
 + Level 1.3 Conjurations
 + Level 1.3 Hexes
 + Level 1.3 Summonings
 + Level 1.3 Necromancy
 + Level 1.3 Translocations
 + Level 1.3 Transmutations
 + Level 1.3 Fire Magic
 + Level 1.3 Ice Magic
 + Level 1.3 Air Magic
 + Level 1.3 Earth Magic
 + Level 5.6 Poison Magic
 + Level 1.8 Invocations
 + Level 1.6 Evocations


You had 6 spell levels left.
You knew the following spells:

 Your Spells              Type           Power      Damage    Failure   Level
a - Sting                 Tmut/Pois      52%        1d5       4%          1
b - Ignite Poison         Fire/Tmut/Pois 11%        N/A       21%         3

Your spell library contained the following spells:

 Spells                   Type           Power      Damage    Failure   Level
 Fulminant Prism          Conj/Hex       3%         3d6       77%         4
 Iskenderun's Mystic Bla  Conj/Tloc      6%         2d4       77%         4
 Lee's Rapid Deconstruct  Erth           3%         3d6*      98%         5


Dungeon Overview and Level Annotations

Branches:
Dungeon (3/15)

Altars:
Dithmenos
Fedhas
Gozag

Annotations:
D:3 3 runed translucent doors


Innate Abilities, Weirdness & Mutations

You have very sharp teeth.
Your uncanny sense of smell can sniff out nearby items.
Your experience applies equally to all skills.


Message History

You hit the gnoll but do no damage. The gnoll hits you with a +3 flail.
Casting: Sting (safe; 4% risk of failure)
Confirm with . or Enter, or press ? or * to list all spells.
Aiming: Sting (safe; 4% risk of failure)
Press: ? - help, Shift-Dir - straight line, f - gnoll
Aim: a gnoll, wielding a +3 flail (75% to hit)
The sting hits the gnoll but does no damage.
The gnoll is poisoned.
The gnoll hits you with a +3 flail.
You closely miss the gnoll. The gnoll hits you with a +3 flail.
You closely miss the gnoll. Your bite misses the gnoll.
The gnoll closely misses you.
You hit the gnoll.
The gnoll is lightly wounded.
The gnoll hits you with a +3 flail!
* * * LOW HITPOINT WARNING * * *
You barely miss the gnoll. You punch the gnoll.
The gnoll is heavily wounded.
The gnoll hits you with a +3 flail.
* * * LOW HITPOINT WARNING * * *
The gnoll attacks as you move away! The gnoll hits you with a +3 flail!
* * * LOW HITPOINT WARNING * * *
It was a potion of attraction.
You feel attractive to monsters.
The gnoll looks more healthy.
The gnoll misses you.
You closely miss the gnoll.
The gnoll is heavily wounded.
Blink to where?
Press: ? - help, Dir - move target, p - gnoll
As you read the scroll of blinking, it crumbles to dust.
The gnoll is attracted toward you.
As you read the scroll of teleportation, it crumbles to dust.
You feel strangely unstable. The gnoll is attracted toward you.
Casting: Sting (safe; 4% risk of failure)
Confirm with . or Enter, or press ? or * to list all spells.
Aiming: Sting (safe; 4% risk of failure)
Press: ? - help, Shift-Dir - straight line, f - gnoll
Aim: a gnoll, wielding a +3 flail (heavily wounded, 75% to hit)
The sting misses the gnoll.
The gnoll hits you with a +3 flail!
You die...
Fedhas appreciates your contribution to the ecosystem.

#.# ##.#.#####.## .##~~
#.# #.#......... #. #.
#.# #.##.##.#####. ##.
#.# #.##.......... #..
#.########.#####...####
#.# #........#.# ##.#
#.# ########.#.# ##.##
#.# #.#.# ##...######
#.# #.#.#
#@g.§...§.###.####
#####.#.#
##...####...).....
#.......# ##...#
#####.#### #.###.###
.#.# ##.# #.# #.# ##.#
# #..# #.# #.# #.. #.##
## #.# #.# #.# #.# .#
#.# #.# #.# # #.# .#
####.# #.########.##.#
##.###.#


You could see a gnoll.

Vanquished Creatures
  A scorpion (D:3)
  2 adders (D:2)
  2 gnolls (D:3)
  11 dart slugs
  2 worms (D:2)
  An orc (D:2)
  6 ball pythons
  3 endoplasms
  2 giant cockroaches (D:2)
  9 goblins
  4 hobgoblins
  5 kobolds
  A quokka (D:1)
  7 bats
  4 rats
60 creatures vanquished.

Notes
Turn   | Place    | Note
-------+----------+-------------------------------------------
     0 | D:1      | booth the Gnoll Wanderer began the quest for the Orb.
     0 | D:1      | booth set off with the following items: a +0 dagger, a
                  | potion of invisibility, 10 poisoned darts, 2 scrolls of
                  | blinking, a +0 leather armour; and the following spell
                  | memorised: Sting; and the following spells available to
                  | memorise: Ignite Poison.
     0 | D:1      | Reached XP level 1. HP: 20/20 MP: 4/4
   277 | D:1      | Found a faded altar of an unknown god.
   319 | D:1      | Reached XP level 2. HP: 20/26 MP: 5/5
   788 | D:1      | Prayed at the altar of an unknown god.
   788 | D:1      | Became a worshipper of Fedhas Madash
   788 | D:1      | Reached * piety under Fedhas
  1173 | D:2      | Reached XP level 3. HP: 31/31 MP: 4/7
  1215 | D:2      | Reached skill level 1 in Invocations
  1453 | D:2      | Reached skill level 1 in Short Blades
  1453 | D:2      | Reached skill level 1 in Long Blades
  1453 | D:2      | Reached skill level 1 in Axes
  1453 | D:2      | Reached skill level 1 in Maces & Flails
  1453 | D:2      | Reached skill level 1 in Polearms
  1453 | D:2      | Reached skill level 1 in Staves
  1453 | D:2      | Reached skill level 1 in Ranged Weapons
  1453 | D:2      | Reached skill level 1 in Armour
  1453 | D:2      | Reached skill level 1 in Dodging
  1453 | D:2      | Reached skill level 1 in Stealth
  1453 | D:2      | Reached skill level 1 in Shields
  1453 | D:2      | Reached skill level 1 in Evocations
  1587 | D:2      | Learned a level 3 spell: Ignite Poison
  1742 | D:2      | Reached XP level 4. HP: 27/38 MP: 6/8
  1938 | D:3      | Reached ** piety under Fedhas
  2029 | D:3      | Found a shadowy altar of Dithmenos.
  2099 | D:3      | Noticed a scorpion
  2114 | D:3      | Killed a scorpion
  2115 | D:3      | Reached skill level 1 in Conjurations
  2115 | D:3      | Reached skill level 1 in Hexes
  2115 | D:3      | Reached skill level 1 in Summonings
  2115 | D:3      | Reached skill level 1 in Necromancy
  2115 | D:3      | Reached skill level 1 in Translocations
  2115 | D:3      | Reached skill level 1 in Transmutations
  2115 | D:3      | Reached skill level 1 in Fire Magic
  2115 | D:3      | Reached skill level 1 in Ice Magic
  2115 | D:3      | Reached skill level 1 in Air Magic
  2115 | D:3      | Reached skill level 1 in Earth Magic
  2115 | D:3      | Reached XP level 5. HP: 43/43 MP: 6/9
  2417 | D:3      | Identified the amulet "Tywaiton" {Regen+ Str+6 Dex-4}
  2620 | D:3      | Found an opulent altar of Gozag.
  2647 | D:3      | Found a runed translucent gate.
  2647 | D:3      | Found a runed translucent gate.
  2648 | D:3      | Found a runed translucent gate.
  2680 | D:3      | HP: 1/43 [gnoll/+3 flail (7)]
  2685 | D:3      | Slain by a gnoll

Illustrated notes

Levels and vault maps discovered:
D:1:      dreamdust_arrival_sigmund_warning, layout_basic,
          shapermc_ecumenical_altar_starsandcircs
D:2:      layout_loops_cross, serial_aquarium, aquarium_bridge_square
          [aquarium_subvault_wall, aquarium_subvault_balcony,
          aquarium_subvault_bridge, aquarium_subvault_window],
          aquarium_window_fake, aquarium_window_fake, aquarium_view_2a,
          aquarium_view_4, aquarium_pool_2
D:3:      kennysheep_slugbush, layout_loops_ring, general_overflow_altar,
          nicolae_dithmenos_through_a_glass_darkly, gammafunk_ghost_necromancy

Skill      XL: |  1  2  3  4  5 |
---------------+----------------+-----
Invocations    | 1 |  1.8
Short Blades   | 1 |  1.6
Long Blades    | 1 |  1.6
Axes           | 1 |  1.6
Maces & Flails | 1 |  1.6
Polearms       | 1 |  1.6
Staves         | 1 |  1.6
Ranged Weapons | 1 |  1.6
Armour         | 1 |  1.6
Dodging        | 1 |  1.6
Stealth        | 1 |  1.6
Shields        | 1 |  1.6
Evocations     | 1 |  1.6
Spellcasting   | 3 |  3.2
Conjurations   | 1 |  1.3
Hexes          | 1 |  1.3
Summonings     | 1 |  1.3
Necromancy     | 1 |  1.3
Translocations | 1 |  1.3
Transmutations | 1 |  1.3
Fire Magic     | 1 |  1.3
Ice Magic      | 1 |  1.3
Air Magic      | 1 |  1.3
Earth Magic    | 1 |  1.3
Throwing       | 3 |  3.0
Fighting       | |  4.8
Unarmed Combat | |  6.7
Poison Magic   | |  5.6

Action                   |  1- 3 |  4- 6 || total
-------------------------+-------+-------++-------
Melee: Unarmed           |    48 |       ||    48
       Dagger            |    11 |    58 ||    69
       Bite              |     2 |     3 ||     5
       Punch             |     2 |     3 ||     5
 Cast: Sting             |    21 |    23 ||    44
       Ignite Poison     |       |     1 ||     1
  Use: Scroll            |     7 |     2 ||     9
       Potion            |       |     1 ||     1
Armor: Leather armour    |    17 |    11 ||    28
Dodge: Dodged            |    54 |    29 ||    83
